 Dungeon Crawl Stone Soup version 0.21.1-1-g345015f (webtiles) character file.

71841 microfolk the Warrior (level 15, 0/154 HPs)
             Began as a Kobold Berserker on Feb 16, 2018.
             Was a High Priest of Trog.
             Slain by an orc knight
             ... wielding a +3 war axe
              (14 damage)
             ... on level 1 of the Orcish Mines on Feb 17, 2018.
             The game lasted 01:38:53 (31875 turns).

microfolk the Warrior (Kobold Berserker)           Turns: 31875, Time: 01:38:54

Health: 0/154      AC: 21    Str: 28    XL:     15   Next: 83%
Magic:  20/20      EV: 18    Int:  8    God:    Trog [*****.]
Gold:   1973       SH: 15    Dex: 16    Spells: 14/14 levels left

rFire    + . .     SeeInvis .   a - +1 rapier
rCold    + . .     Gourm    .   m - +0 shield
rNeg     . . .     Faith    .   O - +1 scale mail {rC+}
rPois    +         Spirit   .   J - +2 helmet
rElec    .         Reflect  +   A - +2 cloak
rCorr    .         Harm     .   S - +1 pair of gloves {Str+3}
MR       +....                  G - +2 pair of boots
Stlth    ..........             R - +3 amulet of reflection
HPRegen  0.35/turn              P - ring of poison resistance
MPRegen  0.17/turn              H - ring of protection from fire

@: berserking, drained, very quick
A: small, carnivore
a: Berserk, Trog's Hand, Brothers in Arms, Burn Spellbooks, Renounce Religion


You were on level 1 of the Orcish Mines.
You worshipped Trog.
Trog was extremely pleased with you.
You were very full.

You visited 6 branches of the dungeon, and saw 23 of its levels.
You also visited: Ice Cave.

You collected 1973 gold pieces.

Inventory:

Hand Weapons
 a - a +1 rapier (weapon)
 b - a +4 hand crossbow of velocity
 f - a +5 hand crossbow of freezing
 h - a +2 scimitar of flaming
 M - a +4 antimagic dagger
 N - a +1 morningstar of holy wrath
Missiles
 j - 198 bolts
 y - 5 throwing nets (quivered)
Armour
 l - a +0 troll leather armour
 m - a +0 shield (worn)
 w - a +2 ring mail of fire resistance
 A - a +2 cloak (worn)
 G - a +2 pair of boots (worn)
 J - a +2 helmet (worn)
 O - a +1 scale mail of cold resistance (worn)
 S - a +1 pair of gloves of strength (worn)
Jewellery
 H - a ring of protection from fire (right hand)
 P - a ring of poison resistance (left hand)
 R - a +3 amulet of reflection (around neck)
Wands
 e - a wand of digging (20)
 p - a wand of acid (6)
 r - a wand of flame (69)
 t - a wand of random effects (43)
 z - a wand of paralysis (15)
 Q - a wand of scattershot (5)
 T - a wand of polymorph (3)
Scrolls
 g - 3 scrolls of enchant armour
 i - 2 scrolls of enchant weapon
 n - 3 scrolls of immolation
 o - 10 scrolls of teleportation
 u - 7 scrolls of identify
 v - 3 scrolls of blinking
 D - 2 scrolls of summoning
 L - a scroll of remove curse
 X - a scroll of fear
Potions
 d - 4 potions of might
 k - 9 potions of curing
 q - 4 potions of haste
 s - 5 potions of lignification
 x - 4 potions of invisibility
 B - a potion of cancellation
 C - a potion of brilliance
 F - 4 potions of magic
 I - 4 potions of flight
 U - a potion of agility {unknown}
 Y - a potion of mutation {unknown}
Miscellaneous
 K - a lightning rod (4/4)
 V - a sack of spiders
Comestibles
 c - 27 rations


   Skills:
 + Level 15.0(13.7) Fighting
 - Level 14.0(12.7) Short Blades
 + Level 12.1(10.9) Crossbows
 + Level 8.6(7.5) Armour
 - Level 11.0(9.9) Dodging
 + Level 8.8(7.7) Shields
 - Level 7.0(6.0) Evocations


You had 14 spell levels left.
You didn't know any spells.

Dungeon Overview and Level Annotations

Branches:
Dungeon (11/15)            Temple (1/1) D:7            Lair (6/6) D:11
  Swamp (2/4) Lair:4       Spider (1/4) Lair:2        Slime (0/5) Lair:6
    Orc (2/2) D:10            Elf (0/3) Orc:2

Altars:
Ashenzari
Dithmenos
Elyvilon
Fedhas
Gozag
Hepliaklqana
Kikubaaqudgha
Makhleb
Okawaru
Qazlal
Sif Muna
Uskayaw
Wu Jian
Xom
Zin
Beogh
Jiyva

Annotations:
D:4 exclusion: downstairs
D:5 Prince Ribbit; Reldio's ghost, amateur DsFi
Lair:5 exclusion: downstairs
Lair:6 1 runed door
Spider:1 Donald


Innate Abilities, Weirdness & Mutations

You are small and have problems with some larger weapons.
You are carnivorous and can eat meat at any time.


Message History

You barely miss the orc knight.
The orc knight is moderately wounded.
The sixfirhy completely misses you. You block the sixfirhy's attack.
The orc knight hits you with a great sword!!
The orc knight hits you with an enchanted war axe!
The orc sorcerer casts a spell.
Your ogre hits the orc knight with a giant club!
You block the sixfirhy's attack. x2
The sixfirhy hits you but does no damage. x2
Your ogre hits the orc knight with a giant club!
The orc knight barely misses your ogre.
The orc knight hits you with an enchanted war axe!!
* * * LOW HITPOINT WARNING * * *
The orange demon misses you.
You climb upwards.
There is a stone staircase leading down here.
A red film seems to cover your vision as you go berserk!
You feel yourself moving faster!
You feel mighty!
You feel a lot less full.
The orc knight hits you with an enchanted war axe!
You die...

##.#..## ##.########.##.##
#......# #....##.##......#
#......####........#.##..#
##......##....#.....###...
#.............#....#.#....
##..............[)........
##...........##.)))..#....
#.......[[)..##)..#.####.#
##......[@o..#[..##.## ###
#.......o[...#..#...##
##..........##...#...#
##....#.....####.###.##
#..........## ### ###
##........## ##.......#.##
#...........# ###
##.......#.## ##.##


You could see 2 orc knights.

Vanquished Creatures
  An entropy weaver (Lair:2)
  A blizzard demon (IceCv)
  2 hydras (Lair:4)
  Harold (Lair:4)
  3 two-headed ogres
  Erica (D:8)
  11 death yaks
  4 alligators
  A queen ant (Lair:3)
  2 orc high priests (Orc:2)
  Sonja (Lair:4)
  2 unseen horrors
  A lindwurm (Lair:6)
  Pikel (D:8)
  3 orc knights (Orc:2)
  7 wolf spiders
  An orb spider (Spider:1)
  2 orc sorcerers (Orc:2)
  A cyclops (Orc:2)
  A centaur zombie (D:8)
  3 ice statues
  5 black mambas
  Joseph (D:7)
  Psyche (D:9)
  4 torpor snails (Lair:6)
  11 spiny frogs
  7 komodo dragons
  12 ice devils (IceCv)
  A demonic crawler (Lair:2)
  4 trolls
  2 jumping spiders (Spider:1)
  5 tyrant leeches
  2 polar bears (Lair:4)
  6 hornets
  7 hippogriffs
  18 blink frogs
  2 bog bodies (Swamp:1)
  4 redbacks (Spider:1)
  A shadow (D:11)
  20 yaks
  5 tarantellas (Spider:1)
  A wyvern (D:8)
  Eustachio (D:6)
  2 spriggans
  2 humans (D:9)
  Grum (D:9)
  A vampire mosquito (D:7)
  A basilisk (Lair:1)
  A hungry ghost (D:7)
  3 swamp worms (Swamp:1)
  16 soldier ants (Lair:3)
  15 water moccasins
  7 porcupines
  22 orc warriors
  3 black bears
  11 ogres
  4 phantoms
  3 ice beasts
  3 sky beasts
  5 centaurs
  24 wolves
  14 crocodiles
  7 bullfrogs
  A gnoll sergeant (D:8)
  4 scorpions
  2 wyvern skeletons
  8 killer bees
  10 wights
  5 electric eels
  A howler monkey (D:9)
  A crimson imp (D:7)
  14 hounds
  19 orc priests
  Crazy Yiuf (D:6)
  2 centaur skeletons
  3 jellies
  2 bullfrog skeletons
  25 orc wizards
  An iguana (D:6)
  35 worker ants
  A killer bee zombie (D:9)
  A hound zombie (D:7)
  2 worker ant zombies
  12 adders
  11 gnolls
  2 shadow imps
  4 white imps (IceCv)
  6 ufetubi (IceCv)
  2 oozes (D:1)
  3 adder skeletons
  2 worms
  A dart slug (D:2)
  5 leopard geckos
  98 orcs
  7 bats
  3 bat zombies (D:4)
  5 giant cockroaches
  10 goblins
  6 hobgoblins
  4 jackals (D:1)
  2 quokkas
  2 ball pythons (D:1)
  5 frilled lizards
  5 kobolds
  A quokka zombie (D:6)
  6 rats (D:1)
  A rat zombie (D:4)
656 creatures vanquished.

Vanquished Creatures (collateral kills)
  Rupert (Lair:6)
  The ghost of Quirk the Blocker, a journeyman GnFi of Ashenzari (D:11)
  A hydra (Lair:3)
  A torpor snail (Lair:6)
4 creatures vanquished.

Vanquished Creatures (others)
  An orc warrior (Orc:2)
  An ice beast (D:8)
  3 slaves (D:8)
  A phantom (D:8)
  A bullfrog (D:8)
  An orc wizard (Orc:2)
  3 white imps (IceCv)
  6 ufetubi (IceCv)
  2 orcs (D:8)
  A quokka (D:5)
  5 fungi
  15 plants
40 creatures vanquished.

Grand Total: 700 creatures vanquished

Notes
Turn   | Place    | Note
-------+----------+-------------------------------------------
     0 | D:1      | microfolk the Kobold Berserker began the quest for the Orb.
     0 | D:1      | Reached XP level 1. HP: 14/14 MP: 1/1
    83 | D:1      | Reached XP level 2. HP: 19/19 MP: 2/2
   377 | D:1      | Reached XP level 3. HP: 22/24 MP: 3/3
   481 | D:1      | Reached ** piety under Trog
  1285 | D:2      | Found a glowing silver altar of Zin.
  1299 | D:2      | Reached XP level 4. HP: 29/29 MP: 4/4
  1328 | D:2      | Found a deep blue altar of Sif Muna.
  1414 | D:2      | Reached skill level 4 in Fighting
  1449 | D:2      | Found a shimmering altar of Xom.
  1817 | D:3      | Reached skill level 5 in Short Blades
  1924 | D:3      | Reached XP level 5. HP: 31/33 MP: 5/5
  2131 | D:3      | Found a hide-covered altar of Uskayaw.
  2286 | D:3      | Reached XP level 6. HP: 32/39 MP: 6/6
  2352 | D:3      | Found an opulent altar of Gozag.
  2844 | D:4      | Found a blossoming altar of Fedhas.
  3169 | D:4      | Found a shattered altar of Ashenzari.
  3219 | D:4      | Found a stormy altar of Qazlal.
  3319 | D:4      | Reached skill level 5 in Fighting
  3554 | D:4      | Noticed an ogre
  3560 | D:4      | Killed an ogre
  3560 | D:4      | Reached skill level 5 in Dodging
  3560 | D:4      | Reached skill level 1 in Evocations
  3560 | D:4      | Reached XP level 7. HP: 44/44 MP: 7/7
  3644 | D:4      | Found an ancient bone altar of Kikubaaqudgha.
  3692 | D:5      | Entered Level 5 of the Dungeon
  3837 | D:5      | Noticed a water moccasin
  3859 | D:5      | Noticed Reldio's ghost (amateur DsFi)
  4373 | D:5      | Killed a water moccasin
  4373 | D:5      | Reached XP level 8. HP: 51/51 MP: 10/10
  4489 | D:5      | Found a white marble altar of Elyvilon.
  4520 | D:5      | Reached skill level 6 in Fighting
  5252 | D:6      | Reached XP level 9. HP: 56/56 MP: 12/12
  5405 | D:6      | Reached *** piety under Trog
  5405 | D:6      | Reached skill level 7 in Fighting
  5434 | D:6      | Noticed Eustachio
  5501 | D:6      | Killed Eustachio
  5501 | D:6      | Reached skill level 5 in Evocations
  5551 | D:6      | Found a runed door.
  5671 | D:6      | Noticed Prince Ribbit
  5781 | D:6      | Noticed Crazy Yiuf
  5787 | D:6      | Killed Crazy Yiuf
  6245 | D:7      | Found a staircase to the Ecumenical Temple.
  6250 | Temple   | Entered the Ecumenical Temple
  6586 | D:7      | Noticed a troll
  6620 | D:7      | Found a burning altar of Makhleb.
  6620 | D:7      | Noticed a cacodemon
  6623 | D:7      | Noticed an orange demon
  6623 | D:7      | Noticed a hellwing
  6788 | D:7      | Reached skill level 8 in Fighting
  7046 | D:7      | Found the +8 longbow "Zephyr" {speed, Dex+3 SInv}
  7096 | D:7      | Reached XP level 10. HP: 64/64 MP: 14/14
  7764 | D:8      | Reached skill level 10 in Short Blades
  7991 | D:8      | Noticed Joseph
  8005 | D:7      | Killed Joseph
  8213 | D:8      | Noticed Pikel
  8242 | D:8      | Paralysed by Pikel for 7 turns
  8255 | D:8      | Paralysed by Pikel for 4 turns
  8263 | D:8      | Killed Pikel
  8263 | D:8      | Reached skill level 9 in Fighting
  8330 | D:8      | Noticed Erica
  8524 | D:8      | Reached **** piety under Trog
  8737 | D:8      | Found a shadowy altar of Dithmenos.
  9091 | D:8      | Killed Erica
  9091 | D:8      | Reached skill level 10 in Dodging
  9091 | D:8      | Reached XP level 11. HP: 71/71 MP: 16/16
  9237 | D:9      | Noticed a two-headed ogre
  9694 | D:9      | Reached skill level 10 in Fighting
  9828 | D:9      | Noticed Psyche
  9838 | D:9      | Killed Psyche
 10209 | D:9      | Reached ***** piety under Trog
 10386 | D:9      | Found an iron altar of Okawaru.
 10504 | D:9      | Noticed Grum
 10511 | D:9      | Killed Grum
 10539 | D:9      | Killed a two-headed ogre
 10539 | D:9      | Reached skill level 5 in Armour
 10884 | D:10     | Entered Level 10 of the Dungeon
 11549 | D:10     | Reached skill level 11 in Fighting
 11698 | D:10     | Noticed a two-headed ogre
 11716 | D:10     | Killed a two-headed ogre
 11716 | D:10     | Reached skill level 1 in Crossbows
 11716 | D:10     | Reached skill level 1 in Shields
 11716 | D:10     | Reached XP level 12. HP: 80/80 MP: 17/17
 12532 | D:10     | Found a roughly hewn altar of Beogh.
 12532 | D:10     | Found a staircase to the Orcish Mines.
 12679 | D:10     | Killed an unseen horror
 13230 | D:11     | Noticed Quirk's ghost (journeyman GnFi)
 13492 | D:11     | Killed an unseen horror
 13745 | D:11     | Found a staircase to the Lair.
 14020 | D:11     | Killed Quirk's ghost
 14344 | D:11     | Noticed a two-headed ogre
 14354 | D:11     | Killed a two-headed ogre
 14497 | Lair:1   | Entered Level 1 of the Lair of Beasts
 14655 | Lair:1   | Reached skill level 5 in Crossbows
 15401 | Lair:1   | Reached skill level 12 in Fighting
 16029 | Lair:2   | Found a hole to the Spider Nest.
 16242 | Lair:2   | Reached XP level 13. HP: 81/86 MP: 18/18
 16330 | Lair:2   | Received a gift from Trog
 17287 | Lair:3   | Received a gift from Trog
 17900 | Lair:3   | Reached skill level 5 in Shields
 18233 | Lair:3   | Noticed an eight-headed hydra
 18563 | Lair:3   | Killed an eight-headed hydra
 19015 | Lair:4   | Noticed Sonja
 19030 | Lair:4   | Killed Sonja
 19120 | Lair:4   | Noticed Harold
 19137 | Lair:4   | Killed Harold
 19472 | Lair:4   | Reached skill level 13 in Fighting
 19617 | Lair:4   | Noticed an eight-headed hydra
 19723 | Lair:4   | Found a staircase to the Swamp.
 20059 | Lair:3   | Reached XP level 14. HP: 94/94 MP: 19/19
 22592 | Lair:6   | Entered Level 6 of the Lair of Beasts
 22657 | Lair:6   | Found a staircase to the Slime Pits.
 22657 | Lair:6   | Found a viscous altar of Jiyva.
 22838 | Lair:6   | Reached skill level 10 in Crossbows
 22848 | Lair:6   | Received a gift from Trog
 23873 | Lair:6   | Found a runed door.
 24024 | Lair:6   | Reached skill level 14 in Fighting
 24404 | Lair:6   | Noticed Rupert
 24960 | Lair:6   | Killed Rupert
 25346 | Lair:6   | Received a gift from Trog
 25346 | Lair:6   | Reached XP level 15. HP: 100/100 MP: 20/20
 25731 | Swamp:1  | Entered Level 1 of the Swamp
 26085 | Swamp:1  | Found a frozen archway.
 26163 | IceCv    | Entered an ice cave
 27645 | Swamp:1  | Received a gift from Trog
 28427 | Swamp:1  | Identified a scroll of acquirement
 28594 | Spider:1 | Entered Level 1 of the Spider Nest
 29192 | Spider:1 | Received a gift from Trog
 29668 | Spider:1 | Noticed Donald
 29952 | Orc:1    | Entered Level 1 of the Orcish Mines
 29965 | Orc:1    | Received a gift from Trog
 30180 | Orc:2    | Entered Level 2 of the Orcish Mines
 30419 | Orc:2    | Found a staircase to the Elven Halls.
 30741 | Orc:2    | Received a gift from Trog
 31010 | Orc:2    | Received a gift from Trog
 31380 | Orc:2    | Reached skill level 15 in Fighting
 31463 | Orc:2    | Paralysed by an orc sorcerer for 2 turns
 31729 | Orc:2    | Paralysed by an orc sorcerer for 7 turns
 31875 | Orc:1    | Slain by an orc knight

Skill      XL: |  1  2  3  4  5  6  7  8  9 10 11 12 13 14 15 |
---------------+----------------------------------------------+-----
Dodging        | 3 4 5 7 8 10 11 | 11.0
Fighting       | 4 5 6 8 9 11 12 13 14 15 | 15.0
Short Blades   | 5 6 7 8 9 11 12 14 | 14.0
Evocations     | 1 3 4 6 7 |  7.0
Armour         | 3 5 7 8 |  8.6
Crossbows      | 1 6 8 10 12 | 12.1
Shields        | 1 4 6 7 8 |  8.8

Action                   |  1- 3 |  4- 6 |  7- 9 | 10-12 | 13-15 || total
-------------------------+-------+-------+-------+-------+-------++-------
Melee: Short sword       |   127 |   258 |   331 |       |       ||   716
       Rapier            |       |       |   193 |  1160 |  2223 ||  3576
       Dagger            |       |       |       |       |   246 ||   246
 Fire: Hunting sling     |       |     1 |     9 |       |       ||    10
       Hand crossbow     |       |       |       |     4 |   241 ||   245
Throw: Throwing net      |       |       |       |       |     1 ||     1
Invok: Berserk           |     1 |     2 |    15 |    36 |    40 ||    94
       Trog's Hand       |       |     6 |     7 |     7 |    12 ||    32
       Burn Spellbooks   |       |     1 |     4 |     5 |     2 ||    12
       Brothers in Arms  |       |       |       |     2 |     5 ||     7
Evoke: Wand              |       |     1 |       |     7 |    22 ||    30
       Lightning rod     |       |       |       |       |     4 ||     4
       Sack of spiders   |       |       |       |       |     3 ||     3
  Use: Scroll            |     1 |     7 |     8 |     8 |    11 ||    35
 Stab: Paralysed         |       |       |       |     3 |     1 ||     4
       Distracted        |       |       |       |     1 |       ||     1
       Held in net/web   |       |       |       |       |     3 ||     3
  Eat: Chunk             |    11 |    10 |    29 |    65 |    88 ||   203
       Ration            |       |       |       |       |     3 ||     3
Armor: Ring mail         |    31 |       |    53 |   274 |   211 ||   569
       Scale mail        |       |    47 |    43 |       |   140 ||   230
Dodge: Dodged            |    77 |   140 |   311 |   634 |   973 ||  2135
Block: Shield            |       |       |       |   187 |  1292 ||  1479
       Reflection        |       |       |       |       |    22 ||    22
